 Dungeon Crawl Stone Soup version 0.31-a0-237-g2d982f9f85 (webtiles) character file.

Game seed: 16994418255848377369

338 qw the Shooter (level 6, -18/37 HPs)
             Began as a Gargoyle Hexslinger on July 11, 2023.
             Demolished by an ogre
             ... wielding a +0 giant club
              (29 damage)
             ... on level 4 of the Dungeon.
             The game lasted 00:01:18 (2860 turns).

qw the Shooter (Gargoyle Hexslinger)                Turns: 2860, Time: 00:01:19

Health: -18/37     AC: 10    Str: 11    XL:     6   Next: 55%
Magic:  7/7        EV: 10    Int: 14    God:
Gold:   214        SH:  0    Dex: 14    Spells: 6/7 levels left

rFire   . . .        Y - +3 sling
rCold   . . .        (no shield)
rNeg    + . .        a - +0 ring mail
rPois   inf          (no helmet)
rElec   +            (no cloak)
rCorr   .            c - +0 pair of gloves
SInv    .            (no boots)
Will    .....        d - amulet of regeneration
Stlth   +            (no ring)
HPRegen 1.06/turn    (no ring)
MPRegen 0.10/turn

%: no passive effects
@: no status effects
A: sickness immunity, AC +4, negative energy resistance 1, electricity
resistance, torment resistance 1, petrification resistance
a: no special abilities


You were on level 4 of the Dungeon.
You visited 1 branch of the dungeon, and saw 4 of its levels.

You collected 214 gold pieces.


Innate Abilities, Weirdness & Mutations

You are immune to sickness and miasma.
Your stone body is resilient. (AC +4)
You are immune to poison.
You resist negative energy. (rN+)
You are resistant to electric shocks. (rElec)
You are resistant to unholy torment.
You are immune to petrification.


   Skills:
 - Level 3.0 Fighting
 + Level 5.9 Ranged Weapons
 - Level 1.4 Armour
 - Level 1.5 Dodging
 - Level 1.0 Spellcasting
 - Level 2.6 Hexes


You had 6 spell levels left.
You knew the following spells:

 Your Spells              Type           Power      Damage    Failure   Level
a - Slow                  Hex            32%        N/A       21%         1

Your spell library contained the following spells:

 Spells                   Type           Power      Damage    Failure   Level
 Inner Flame              Hex/Fire       4%         N/A       71%         3
 Portal Projectile        Hex/Tloc       8%         N/A       71%         3
 Cause Fear               Hex            4%         N/A       90%         4

Inventory:

Hand Weapons
 Y - a +3 sling (weapon)
Armour
 a - a +0 ring mail (worn)
 c - a +0 pair of gloves (worn)
 j - a +0 helmet
Jewellery
 d - an amulet of regeneration (around neck)
Scrolls
 g - a scroll of identify
 i - a scroll of fear {unknown}
Potions
 b - a potion of attraction {unknown}
 e - a potion of lignification {unknown}
 f - a potion of invisibility {unknown}
 h - a potion of curing

Dungeon Overview and Level Annotations

Branches:
Dungeon (4/15)
 Temple: D:4-7

Altars:

Shops:
D:1 :

Annotations:
D:3 2 runed translucent doors


Message History

Enter note:
Enter note:
Enter note: An ogre comes into view. It is wielding a +0 giant club.
The ogre shouts!
Enter note:
Enter note:
Enter note:
Enter note:
Enter note:
Enter note: You shoot a sling bullet.
The sling bullet hits the ogre.
The ogre is lightly wounded.
An endoplasm comes into view.
An ogre comes into view. It is wielding a +0 giant club.
The ogre moves out of view.
You shoot a sling bullet. The endoplasm quivers.
The sling bullet hits the ogre.
The ogre is lightly wounded.
You shoot a sling bullet.
The sling bullet barely misses the ogre.
You shoot a sling bullet.
The sling bullet closely misses the ogre.
You shoot a sling bullet. The ogre shouts!
The sling bullet hits the ogre.
The ogre is moderately wounded.
The ogre hits you with a +0 giant club!
You shoot a sling bullet. The sling bullet hits the ogre!
The ogre is severely wounded.
The ogre hits you with a +0 giant club.
You shoot a sling bullet. The sling bullet hits the ogre!
The ogre is almost dead.
The ogre hits you with a +0 giant club!
You shoot a sling bullet.
The sling bullet closely misses the ogre.
The ogre hits you with a +0 giant club!!
Ouch! That really hurt!
You die...

##.#.# #....# .#
#..### #.# . #..#
.J. #.###..#####.#
##............#
........###O#.#.#.
#....(.....O......
#.####...#@######
# #<..#........
##..########. #..#
#..# ...# #.##


You could see 2 ogres and an endoplasm.

Vanquished Creatures
  An ogre (D:3)
  A scorpion (D:4)
  A jelly (D:4)
  An orc wizard (D:3)
  7 adders
  2 dart slugs
  2 orcs (D:3)
  11 ball pythons
  9 bats
  4 endoplasms
  3 giant cockroaches
  3 goblins
  7 hobgoblins
  3 jackals (D:1)
  A quokka (D:2)
  A frilled lizard (D:1)
  5 kobolds
  4 rats
66 creatures vanquished.

Vanquished Creatures (others)
  An orc wizard (D:3)
1 creature vanquished.

Grand Total: 67 creatures vanquished

Notes
Turn   | Place    | Note
-------+----------+-------------------------------------------
     0 | D:1      | qw the Gargoyle Hexslinger began the quest for the Orb.
     0 | D:1      | Reached XP level 1. HP: 12/12 MP: 2/2
     0 | D:1      | 0 ||| qw: Version: 0.3-a-52-g30416fa
     0 | D:1      | 0 ||| qw: Game counter: 5676
     0 | D:1      | 0 ||| qw: Melee chars always use a shield: true
     0 | D:1      | 0 ||| qw: God list: Okawaru
     0 | D:1      | 0 ||| qw: Allow faded altars: false
     0 | D:1      | 0 ||| qw: Do Orc after clearing Dungeon:15 true
     0 | D:1      | 0 ||| qw: Do second Lair branch before Depths: true
     0 | D:1      | 0 ||| qw: Lair rune preference: random
     0 | D:1      | 0 ||| qw: Goals: Normal
     0 | D:1      | 0 ||| PLANNING D:1-11
    47 | D:1      | Reached XP level 2. HP: 14/16 MP: 3/3
   103 | D:1      | 103 ||| DROPPING scroll of poison.
   261 | D:1      | Reached skill level 3 in Ranged Weapons
   403 | D:1      | Reached XP level 3. HP: 21/21 MP: 4/4
   441 | D:1      | 441 ||| READING scroll labelled VUCKEE PIABE.
   528 | D:1      | Found Pece's Book Shoppe.
   762 | D:1      | Found a faded altar of an unknown god.
   814 | D:1      | 814 ||| READING scroll labelled DEOHIN FAC.
   815 | D:1      | 815 ||| READING scroll labelled FUENUGG EMETOG.
  1047 | D:2      | Identified the +6 mace of the Everdark {distort, rF+ Str+4}
  1165 | D:2      | Reached XP level 4. HP: 26/26 MP: 5/5
  1192 | D:2      | Reached skill level 4 in Ranged Weapons
  1472 | D:2      | 1472 ||| UPGRADING to +0 ring mail.
  1482 | D:2      | 1482 ||| DROPPING +0 robe.
  1483 | D:2      | 1483 ||| UPGRADING to amulet of the acrobat.
  1488 | D:2      | 1488 ||| READING scroll labelled KOL PO LOTT.
  1489 | D:2      | 1489 ||| DRINKING 2 fizzy purple potions.
  1698 | D:3      | Found a large runed translucent door.
  1699 | D:3      | Found a large runed translucent door.
  1801 | D:3      | 1801 ||| FLEEEEING.
  1802 | D:3      | 1802 ||| FLEEEEING.
  1803 | D:3      | 1803 ||| FLEEEEING.
  1804 | D:3      | 1804 ||| FLEEEEING.
  1805 | D:3      | 1805 ||| DRINKING potion of curing.
  1805 | D:3      | 1805 ||| (to cure confusion)
  1806 | D:3      | 1806 ||| FLEEEEING.
  1807 | D:3      | 1807 ||| FLEEEEING.
  1808 | D:3      | 1808 ||| FLEEEEING.
  1813 | D:3      | HP: 6/26 [something/puff of flame (10)]
  1814 | D:3      | 1814 ||| FLEEEEING.
  1815 | D:3      | 1815 ||| FLEEEEING.
  1818 | D:3      | Reached skill level 1 in Armour
  1823 | D:3      | 1823 ||| FLEEEEING.
  1824 | D:3      | 1824 ||| FLEEEEING.
  1825 | D:3      | 1825 ||| FLEEEEING.
  1826 | D:3      | 1826 ||| FLEEEEING.
  1827 | D:3      | 1827 ||| FLEEEEING.
  1828 | D:3      | 1828 ||| FLEEEEING.
  1839 | D:3      | 1839 ||| Stepping randomly (disturbance).
  1840 | D:3      | 1840 ||| FLEEEEING.
  1841 | D:3      | 1841 ||| FLEEEEING.
  1842 | D:3      | 1842 ||| FLEEEEING.
  1843 | D:3      | 1843 ||| FLEEEEING.
  1844 | D:3      | 1844 ||| FLEEEEING.
  1845 | D:3      | 1845 ||| FLEEEEING.
  1855 | D:3      | 1855 ||| FLEEEEING.
  1856 | D:3      | 1856 ||| FLEEEEING.
  1862 | D:3      | 1862 ||| FLEEEEING.
  1863 | D:3      | 1863 ||| FLEEEEING.
  1864 | D:3      | 1864 ||| FLEEEEING.
  1876 | D:3      | 1876 ||| FLEEEEING.
  1877 | D:3      | 1877 ||| FLEEEEING.
  1878 | D:3      | 1878 ||| FLEEEEING.
  1879 | D:3      | 1879 ||| FLEEEEING.
  1880 | D:3      | 1880 ||| FLEEEEING.
  1883 | D:3      | 1883 ||| FLEEEEING.
  1891 | D:3      | 1891 ||| FLEEEEING.
  1892 | D:3      | 1892 ||| FLEEEEING.
  1893 | D:3      | 1893 ||| FLEEEEING.
  1901 | D:3      | 1901 ||| FLEEEEING.
  1902 | D:3      | 1902 ||| FLEEEEING.
  1904 | D:3      | 1904 ||| FLEEEEING.
  1905 | D:3      | 1905 ||| FLEEEEING.
  1908 | D:3      | 1908 ||| FLEEEEING.
  1909 | D:3      | 1909 ||| FLEEEEING.
  1910 | D:3      | 1910 ||| FLEEEEING.
  1911 | D:3      | 1911 ||| FLEEEEING.
  1929 | D:3      | HP: 2/26 [orc wizard/magic dart (6)]
  1931 | D:3      | Reached XP level 5. HP: 3/30 MP: 6/6
  1946 | D:3      | 1946 ||| Invisibility monster not found???
  2167 | D:3      | Noticed an ogre
  2174 | D:3      | HP: 3/30 [ogre/+0 giant spiked club (17)]
  2175 | D:3      | Killed an ogre
  2176 | D:3      | Reached skill level 5 in Ranged Weapons
  2520 | D:3      | 2520 ||| UPGRADING to +0 pair of gloves.
  2525 | D:3      | 2525 ||| UPGRADING to amulet of regeneration.
  2535 | D:3      | 2535 ||| DROPPING amulet of the acrobat.
  2580 | D:4      | Reached XP level 6. HP: 36/36 MP: 7/7
  2611 | D:4      | Reached skill level 3 in Fighting
  2702 | D:4      | 2702 ||| READING scroll of enchant weapon.
  2702 | D:4      | 2702 ||| ENCHANTING +2 sling.
  2818 | D:4      | 2818 ||| Stepping ~*~*~tactically~*~*~ (outnumbered).
  2860 | D:4      | Demolished by an ogre

Levels and vault maps discovered:
D:1:      minmay_arrival_open_corners, layout_basic, serial_shops,
          nicolae_shop_hallway_stairs, hellmonk_ecumenical_altar_heavens_door,
          st_stairs_10, minmay_misc_feat_alley
D:2:      layout_basic, skrybe_limestone_x, roderic_lattice_a
D:3:      layout_loops_cross, jmf_multi_god_temple2
D:4:      layout_basic, uniq_pargi, uniq_crazy_yiuf_cottage

Skill      XL: |  1  2  3  4  5  6 |
---------------+-------------------+-----
Ranged Weapons | 3 4 5 |  5.9
Fighting       | 2 3 |  3.0
Armour         | 1 |  1.4
Dodging        | |  1.5
Spellcasting   | |  1.0
Hexes          | |  2.6

Action                     |  1- 3 |  4- 6 || total
---------------------------+-------+-------++-------
   Fire: Sling             |   112 |   148 ||   260
    Use: Scroll            |     3 |     2 ||     5
         Potion            |       |     2 ||     2
 Armour: Robe              |    35 |       ||    35
         Ring mail         |       |    24 ||    24
  Dodge: Dodged            |    41 |    35 ||    76

Table legend:
 A = Non-vault XP
 B = Vault XP
 C = Vault XP percentage of total XP
 D = Non-vault monster count
 E = Vault monster count
 F = Vault count percentage of total count
                 A         B        C        D         E       F
            +---------+---------+-------+---------+---------+-------
      Total |     479 |       4 |   0.8 |      64 |       3 |   4.5
            +---------+---------+-------+---------+---------+-------
        D:1 |      45 |       4 |   8.2 |      27 |       3 |  10.0
        D:2 |      62 |       0 |   0.0 |      17 |       0 |   0.0
        D:3 |     200 |       0 |   0.0 |      12 |       0 |   0.0
        D:4 |     172 |       0 |   0.0 |       8 |       0 |   0.0
            +---------+---------+-------+---------+---------+-------
